 Dungeon Crawl Stone Soup version 0.28.0-43-g3370ac3207 (webtiles) character file.

Game seed: 9787070354947633221

160 pkoi the Gusty (level 5, -6/28 HPs)
             Began as a Deep Elf Air Elementalist on Mar 21, 2022.
             Was a Follower of Vehumet.
             Asphyxiated
             ... in a sewer.
             The game lasted 00:03:53 (4341 turns).

pkoi the Gusty (Deep Elf Air Elementalist)          Turns: 4341, Time: 00:03:54

Health: -6/28      AC:  2    Str:  5    XL:     5   Next: 17%
Magic:  5/11       EV: 12    Int: 22    God:    Vehumet [*.....]
Gold:   69         SH:  0    Dex: 15    Spells: 6/10 levels left

rFire   . . .      SeeInvis .   b - +0 dagger
rCold   . . .      Faith    .   (no shield)
rNeg    . . .      Spirit   .   a - +0 robe
rPois   .          Reflect  .   (no helmet)
rElec   .          Harm     .   (no cloak)
rCorr   .          Rampage  .   (no gloves)
Will    .....                   (no boots)
Stlth   ++........              (no amulet)
HPRegen 0.09/turn               (no ring)
MPRegen 0.12/turn               (no ring)

@: lethally poisoned (-6 -> -38), very slightly contaminated, slowed, very slow
A: no striking features
a: Renounce Religion


You were in a sewer.
You worshipped Vehumet.
Vehumet was aware of your devotion.
You visited 1 branch of the dungeon, and saw 3 of its levels.
You also visited: Sewer.

You collected 69 gold pieces.

Inventory:

Hand Weapons
 b - a +0 dagger (weapon)
Armour
 a - a +0 robe (worn)
 c - an orb of energy
Scrolls
 e - 2 scrolls of identify
 f - a scroll of torment {unknown}
 i - a scroll of summoning {unknown}
Potions
 d - a potion of magic
 g - a potion of haste {unknown}
 h - a potion of heal wounds {unknown}


   Skills:
 - Level 2.4 Dodging
 - Level 2.4 Stealth
 - Level 3.0 Spellcasting
 - Level 1.1 Conjurations
 + Level 5.9 Air Magic


You had 6 spell levels left.
You knew the following spells:

 Your Spells              Type           Power      Damage    Failure   Level
a - Shock                 Conj/Air       72%        1d7       3%          1
b - Swiftness             Air            29%        N/A       3%          3

Your spell library contained the following spells:

 Spells                   Type           Power      Damage    Failure   Level
 Foxfire                  Conj/Fire      20%        2x1d5     10%         1
 Static Discharge         Conj/Air       18%        N/A       4%          2
 Airstrike                Air            14%        N/A       11%         4
 Sandblast                Erth           6%         2d5       12%         1
 Ensorcelled Hibernation  Hex/Ice        6%         N/A       19%         2
 Spider Form              Tmut/Pois      3%         N/A       36%         3
 Anguish                  Hex/Necr       1%         N/A       77%         4


Dungeon Overview and Level Annotations

Branches:
Dungeon (3/15)              Sewer (1/1)

Altars:
Vehumet

Shops:
D:1 (

Annotations:
D:3 Sigmund


Message History

Nothing appears to happen.
You feel very sick.
Aiming: Shock (safe; 3% risk of failure)
Press: ? - help, Q - select action, (/) - cycle Shift-Dir - straight line, f/p - kobold brigand
Aim: a kobold brigand, wielding a +0 short sword and quivering curare-tipped darts (lightly wounded, 64% to hit)
The zap hits the kobold.
You kill the kobold!
Vehumet accepts your kill.
The zap hits the kobold brigand.
The kobold brigand is moderately wounded.
You feel sick.
Aiming: Shock (safe; 3% risk of failure)
Press: ? - help, Q - select action, (/) - cycle Shift-Dir - straight line, f/p - kobold brigand
Aim: a kobold brigand, wielding a +0 short sword and quivering curare-tipped darts (moderately wounded, 64% to hit)
The zap hits the kobold brigand.
The kobold brigand is heavily wounded.
You feel sick.
Aiming: Shock (safe; 3% risk of failure)
Press: ? - help, Q - select action, (/) - cycle Shift-Dir - straight line, f/p - kobold brigand
Aim: a kobold brigand, wielding a +0 short sword and quivering curare-tipped darts (heavily wounded, 64% to hit)
The zap misses the kobold brigand.
You feel sick.
The kobold brigand throws a curare-tipped dart.
The curare-tipped dart hits you.
You are lethally poisoned!
You have difficulty breathing.
* * * LOW HITPOINT WARNING * * *
You feel as though you will be slow longer.
Unknown command.
Aiming: Shock (safe; 3% risk of failure)
Press: ? - help, Q - select action, (/) - cycle Shift-Dir - straight line, f/p - kobold brigand
Aim: a kobold brigand, wielding a +0 short sword and quivering curare-tipped darts (heavily wounded, 64% to hit)
The zap misses the kobold brigand.
* * * LOW HITPOINT WARNING * * *
You feel very sick.
The kobold brigand throws a curare-tipped dart.
The curare-tipped dart hits you.
You are more poisoned.
You have difficulty breathing.
You die...

##.≈≈..#####..≈..####≈≈≈..#
##≈≈.## ##...## ##≈≈≈##
##≈## ##≈## ##### #≈# #≈#
#≈# #≈# ##≈## ##≈## ##.).##
##..≈##
#≈≈...#####.....#####≈!
#≈....≈≈≈≈≈....@.K..)!≈
#..≈.≈#####..≈.≈#####.)
##≈..## ##...## ##### #####


You could see a kobold brigand.

Vanquished Creatures
  5 adders
  4 river rats (Sewer)
  A worm (D:2)
  2 dart slugs (D:1)
  6 ball pythons
  6 endoplasms
  6 giant cockroaches
  4 goblins (D:2)
  6 hobgoblins
  7 quokkas
  5 bats
  4 frilled lizards (D:1)
  12 kobolds
  6 rats
74 creatures vanquished.

Vanquished Creatures (others)
  A fungus (D:1)
1 creature vanquished.

Grand Total: 75 creatures vanquished

Notes
Turn   | Place    | Note
-------+----------+-------------------------------------------
     0 | D:1      | pkoi the Deep Elf Air Elementalist began the quest for the
                  | Orb.
     0 | D:1      | Reached XP level 1. HP: 10/10 MP: 6/6
   184 | D:1      | Found a faded altar of an unknown god.
   202 | D:1      | Reached XP level 2. HP: 12/15 MP: 1/8
   202 | D:1      | Got Plato's Disquisition on Stones
   869 | D:1      | Found Qeirch's Antique Weapon Shoppe.
   878 | D:1      | Reached skill level 4 in Air Magic
  1438 | D:1      | Reached XP level 3. HP: 19/19 MP: 7/9
  1977 | D:2      | Found a radiant altar of Vehumet.
  1994 | D:2      | Became a worshipper of Vehumet
  2326 | D:2      | Learned a level 3 spell: Swiftness
  2565 | D:2      | Reached skill level 5 in Air Magic
  2565 | D:2      | Reached XP level 4. HP: 9/24 MP: 5/10
  2921 | D:3      | Noticed Sigmund
  3009 | D:3      | Reached * piety under Vehumet
  3009 | D:3      | Offered knowledge of Foxfire by Vehumet.
  3046 | D:3      | Found a glowing drain.
  3090 | Sewer    | Entered a sewer
  3730 | Sewer    | Reached XP level 5. HP: 22/28 MP: 3/11
  4341 | Sewer    | HP: 1/28 [poisoned by a kobold brigand (curare-tipped
                  | dart)]
  4341 | Sewer    | Asphyxiated

Illustrated notes

Levels and vault maps discovered:
D:1:      giann_horns, layout_basic, shapermc_ecumenical_altar_rom_forum,
          serial_shops, shop_fountains
D:2:      layout_basic, basic_altar, minmay_quantized
D:3:      layout_loops_ring, dk_yredelemnul_ordeal, gup_sewer_entry_pipe,
          uniq_sigmund, uniq_ijyb
Sewer:    sewer_co_15_rooms

Skill      XL: |  1  2  3 |
---------------+----------+-----
Air Magic      | 4 5 |  5.9
Dodging        | |  2.4
Stealth        | |  2.4
Spellcasting   | |  3.0
Conjurations   | |  1.1

Action                   |  1- 3 |  4- 6 || total
-------------------------+-------+-------++-------
Melee: Unarmed           |     4 |       ||     4
       Dagger            |    13 |    27 ||    40
 Cast: Shock             |   109 |    58 ||   167
  Use: Scroll            |     1 |     2 ||     3
Armor: Robe              |     4 |    15 ||    19
Dodge: Dodged            |    17 |    18 ||    35
